 Dungeon Crawl Stone Soup version 0.30-a0-168-g0b976cbdc4 (webtiles) character file.

Game seed: 16680958209212984087

981 Iusername the Poker (level 7, -1/56 (64) HPs)
             Began as a Minotaur Fighter on Sept 29, 2022.
             Slain by a wight
             ... wielding a +2 halberd of freezing
              (4 damage)
             ... on level 7 of the Dungeon.
             The game lasted 00:09:30 (4099 turns).

Iusername the Poker (Minotaur Fighter)              Turns: 4099, Time: 00:09:30

HP:   -1/56 (64)    AC: 18    Str: 23    XL:     7   Next: 96%
MP:   6/6           EV: 10    Int:  5    God:
Gold: 243           SH:  4    Dex:  9    Spells: 6/6 levels left

rFire   . . .      SeeInvis .    h - +4 spear (freeze)
rCold   . . .      Faith    .    c - +0 buckler
rNeg    . . .      Spirit   .    k - +0 plate armour
rPois   .          Reflect  .    (helmet restricted)
rElec   .          Harm     .    (no cloak)
rCorr   .          Rampage  .    p - +0 pair of gloves
Will    .....                    (no boots)
Stlth   ..........               (no amulet)
HPRegen 0.18/turn                a - +4 ring of evasion
MPRegen 0.10/turn                r - +4 ring of protection

@: heavily drained
A: horns 2, retaliatory headbutt
a: no special abilities


You were on level 7 of the Dungeon.
You visited 1 branch of the dungeon, and saw 5 of its levels.

You collected 243 gold pieces.

Inventory:

Hand Weapons
 h - a +4 spear of freezing (weapon)
Armour
 c - a +0 buckler (worn)
 k - a +0 plate armour (worn)
 p - a +0 pair of gloves (worn)
Jewellery
 a - a +4 ring of evasion (left hand)
 r - a +4 ring of protection (right hand)
Wands
 q - a wand of light (12)
Scrolls
 g - 2 scrolls of amnesia
 j - a scroll of butterflies
 l - 7 scrolls of teleportation
 o - 2 scrolls of blinking
Potions
 d - a potion of might
 f - a potion of berserk rage
 i - a potion of flight
 m - 2 potions of brilliance
 s - a potion of haste


   Skills:
 + Level 6.5 Fighting
 + Level 7.1 Polearms
 + Level 6.7 Armour
 + Level 0.4 Dodging
 + Level 0.1 Stealth
 + Level 5.0 Shields


You had 6 spell levels left.
You didn't know any spells.
Your spell library contained the following spells:

 Spells                   Type           Power      Damage    Failure   Level
 Sting                    Tmut/Pois      0%         1d3       100%        1
 Cigotuvi's Dreadful Rot  Necr/Pois/Air  0%         N/A       100%        2
 Passwall                 Tmut/Erth      0%         N/A       100%        2
 Sublimation of Blood     Necr           0%         N/A       100%        2
 Wereblood                Tmut           0%         N/A       100%        2
 Hailstorm                Conj/Ice       0%         3d3       100%        3
 Inner Flame              Hex/Fire       0%         N/A       100%        3
 Ozocubu's Armour         Ice            0%         N/A       100%        3
 Cause Fear               Hex            0%         N/A       100%        4
 Olgreb's Toxic Radiance  Pois           0%         N/A       100%        4
 Petrify                  Tmut/Erth      0%         N/A       100%        4
 Summon Ice Beast         Ice/Summ       0%         N/A       100%        4
 Alistair's Intoxication  Tmut/Pois      0%         N/A       100%        5
 Ozocubu's Refrigeration  Ice            0%         4d7       100%        7
 Summon Hydra             Summ           0%         N/A       100%        7
 Discord                  Hex            0%         N/A       100%        8


Dungeon Overview and Level Annotations

Branches:
Dungeon (4/15)
 Temple: D:4-7

Altars:
Fedhas
Qazlal
Wu Jian

Shops:
D:3 =   D:4 :


Innate Abilities, Weirdness & Mutations

You have a pair of horns on your head.
You reflexively headbutt those who attack you in melee.


Message History

You destroy the wight!
Your life force feels restored.
A wight is nearby!
A wight is nearby!
You reach to attack!
You hit the wight but do no damage. The wight hits you but does no damage.
A wight is nearby!
You reach to attack!
You hit the wight.
The wight is moderately damaged.
The wight hits you from afar with a +2 halberd of freezing.
You feel drained. The wight freezes you.
A wight is nearby!
You reach to attack!
You closely miss the wight.
The wight is moderately damaged.
The wight hits you from afar with a +2 halberd of freezing.
You feel drained. The wight freezes you.
A wight is nearby!
You reach to attack!
You hit the wight.
The wight is severely damaged.
A wight is nearby!
You reach to attack!
You barely miss the wight.
The wight is severely damaged.
The wight hits you from afar with a +2 halberd of freezing!
You feel drained. The wight freezes you.
A wight is nearby!
You are too injured to fight recklessly!
A wight is nearby!
You are too injured to fight recklessly!
A wight is nearby!
You are too injured to fight recklessly!
A wight is nearby!
The wight hits you but does no damage.
Things that are here:
a +4 mace of freezing; a +0 robe The wight hits you with a +2 halberd of freezing!
* * * LOW HITPOINT WARNING * * *
You feel drained.
* * * LOW HITPOINT WARNING * * *
The wight freezes you.
You die...

##.## ##.>.##
##.....###########
#................#
..........####...########
#.....###.....)...<......
....(## ######.#)#...###.
≈....####.....###........
~≈≈........####z@)######.
..(...###.###≈≈~~~≈≈≈#
####..# ###...####
......# #.... #####.#
###..# #.# ..## #)# # .##
# #)##.##..# #
#####.!..~...#


You could see a wight.

Vanquished Creatures
  A sky beast (D:7)
  9 wights (D:7)
  A hound (D:4)
  A gnoll bouda (D:7)
  Terence (D:2)
  An orc wizard (D:4)
  2 iguanas (D:4)
  7 adders
  9 gnolls
  A worm (D:2)
  4 dart slugs
  9 orcs
  3 bats
  10 endoplasms
  7 giant cockroaches
  10 goblins
  7 hobgoblins
  7 jackals
  4 quokkas
  4 ball pythons
  4 frilled lizards
  12 kobolds
  3 rats
117 creatures vanquished.

Notes
Turn   | Place    | Note
-------+----------+-------------------------------------------
     0 | D:1      | Iusername the Minotaur Fighter began the quest for the Orb.
     0 | D:1      | Reached XP level 1. HP: 19/19 MP: 0/0
   277 | D:1      | Got the Spellbook of Glacial Terra Firma
   364 | D:1      | Reached XP level 2. HP: 27/27 MP: 1/1
   401 | D:1      | Reached skill level 3 in Polearms
   465 | D:1      | Got the Papyrus of Filth
   493 | D:1      | Reached XP level 3. HP: 33/33 MP: 2/2
  1138 | D:2      | Reached XP level 4. HP: 33/40 MP: 3/3
  1572 | D:2      | Found an ornate altar of the Wu Jian Council.
  1573 | D:2      | Noticed Terence
  1582 | D:2      | Reached skill level 5 in Armour
  1584 | D:2      | Killed Terence
  1692 | D:3      | Reached XP level 5. HP: 47/47 MP: 4/4
  1710 | D:3      | Reached skill level 4 in Polearms
  2114 | D:3      | Found Ocullui's One-of-a-Kind Rings.
  2172 | D:3      | Found a faded altar of an unknown god.
  2578 | D:4      | Reached XP level 6. HP: 55/55 MP: 5/5
  2732 | D:4      | Found Siojept's Tremendous Tomes.
  2735 | D:4      | Reached skill level 5 in Polearms
  2834 | D:4      | Found a stormy altar of Qazlal.
  2839 | D:4      | Found a blossoming altar of Fedhas.
  3226 | D:4      | You fall into a shaft and drop 3 floors!
  3238 | D:7      | Noticed a sky beast
  3247 | D:7      | Killed a sky beast
  3248 | D:7      | Reached skill level 5 in Fighting
  3278 | D:7      | Reached skill level 6 in Polearms
  3284 | D:7      | Reached XP level 7. HP: 25/61 MP: 6/6
  3797 | D:7      | Reached skill level 5 in Shields
  4019 | D:7      | Reached skill level 7 in Polearms
  4099 | D:7      | Slain by a wight

Illustrated notes

Levels and vault maps discovered:
D:1:      shiori_angband_town, layout_loops_ring, minmay_heptomino_d4
D:2:      layout_rooms, basic_altar, uniq_terence
D:3:      layout_basic, dreamdust_ecumenical_altar_statues, dk_noncrumbling_4,
          nicolae_shop_unique_rings
D:4:      kennysheep_spiral_hall, layout_basic,
          grunt_temple_overflow_forces_of_nature, serial_curves, eino_curves_02,
          eino_curves_02, nicolae_shop_i_like_big_books, roderic_roman_lattice
D:7:      layout_loops_ring, serial_rivers, chequers_serial_rivers_micro_e,
          chequers_serial_rivers_small_3, chequers_serial_rivers_small_a,
          chequers_serial_rivers_marsh, chequers_serial_rivers_micro_e,
          chequers_serial_rivers_micro_a, uniq_menkaure

Skill      XL: |  1  2  3  4  5  6  7 |
---------------+----------------------+-----
Fighting       | 4 5 6 |  6.5
Armour         | 4 5 6 |  6.7
Polearms       | 3 4 6 7 |  7.1
Shields        | 4 5 |  5.0
Dodging        | |  0.4
Stealth        | |  0.1

Action                   |  1- 3 |  4- 6 |  7- 9 || total
-------------------------+-------+-------+-------++-------
Melee: Trident           |   109 |   174 |    14 ||   297
       Headbutt          |    13 |    18 |     5 ||    36
       Spear             |       |       |    27 ||    27
  Use: Potion            |       |     6 |     1 ||     7
       Scroll            |       |     7 |     2 ||     9
Armor: Scale mail        |    12 |       |       ||    12
       Plate armour      |    39 |   123 |    16 ||   178
Dodge: Dodged            |    38 |    61 |    14 ||   113
Block: Buckler           |    15 |    42 |     5 ||    62

Table legend: (Time is in decaauts)
 A = Elapsed time spent in this place.
 B = Non-inter-level travel time spent in this place.
 C = Inter-level travel time spent in this place.
 D = Time resting spent in this place.
 E = Time spent auto-exploring this place.
 F = Levels seen in this place.
 G = Mean time per level.
                   A        B        C        D        E       F      G
               +--------+--------+--------+--------+--------+-----+--------+
         Total |   4132 |   4100 |     32 |    381 |   2916 |   5 |  826.4 |
       Dungeon |   4132 |   4100 |     32 |    381 |   2916 |   5 |  826.4 |
               +--------+--------+--------+--------+--------+-----+--------+

Top non-repeatable levels by time:
     D:1: 979 daAuts
     D:7: 866 daAuts
     D:4: 850 daAuts
     D:3: 730 daAuts
     D:2: 705 daAuts
